Atomiques vs Ice Dragons
Created - January 7, 2018 at 21:12
Goals
|
Atomiques |
3 |
0 |
2 |
0 |
2 |
6 |
Ice Dragons |
0 |
3 |
2 |
0 |
1 |
5 |
|
Shots
|
Atomiques |
18 |
9 |
9 |
4 |
5 |
40 |
Ice Dragons |
10 |
19 |
6 |
1 |
5 |
36 |
|
1st period
1. Atomiques , Corey Tropp 12 (Marc-André Cliche 15) at 10:19
2. Atomiques , Tyler Brenner 13 (Ryan Shannon 21) at 11:03 (PP)
3. Atomiques , Kenndal McArdle 22 (Tyler Brenner 30) at 11:44
Penalties :
Troy Brouwer (Kin) for Interference (Minor) at 3:17, Joe Callahan (Kin) for Boarding (Minor) at 5:46, Curtis Glencross (Kin) for Interference (Minor) at 10:56, Brett Sutter (STB) for Holding (Minor) at 12:47
2nd period
4. Ice Dragons , Kevin Connauton 1 (Brandon Kozun 7) at 2:55
5. Ice Dragons , Troy Brouwer 21 (Justin Faulk 15, Kevin Connauton 11) at 13:26
6. Ice Dragons , Brandon Kozun 11 (Justin Faulk 16, Tyler Haskins 18) at 19:15
Penalties :
Corey Tropp (STB) for Tripping (Minor) at 4:20, Colby Cohen (STB) for Interference (Minor) at 7:48, Davis Drewiske (STB) for Holding (Minor) at 17:08
3rd period
7. Ice Dragons , Troy Brouwer 22 (Michael Latta 27, Anders Nilsson) at 0:30 (PP)
8. Ice Dragons , Kevin Connauton 2 (Justin Faulk 17, Tyler Haskins 19) at 1:03
9. Atomiques , Andrew Kozek 6 (Brett Sutter 12, Dwight King 11) at 10:14
10. Atomiques , Andrew Kozek 7 (Davis Drewiske 15, Brett Sutter 13) at 11:07
Penalties :
Tyler Brenner (STB) for Holding (Minor) at 0:13, Andrej Nestrasil (Kin) for Hooking (Minor) at 3:06, Tyler Haskins (Kin) for High sticking (Minor) at 6:17, Tyler Brenner (STB) for High sticking (Minor) at 6:44
Overtime #1
No Goal
Penalties :
No Penalty
Shootout
Penalty Shot by Tyler Brenner for Atomiques - Stopped by Anders Nilsson
Penalty Shot by Curtis Glencross for Ice Dragons - Goal!
Penalty Shot by Kenndal McArdle for Atomiques - Stopped by Anders Nilsson
Penalty Shot by Troy Brouwer for Ice Dragons - Stopped by Jeremy Smith
Penalty Shot by Ryan Shannon for Atomiques - Goal!
Penalty Shot by Michael Latta for Ice Dragons - Stopped by Jeremy Smith
Penalty Shot by Dwight King for Atomiques - Shot Misses the Net
Penalty Shot by Tyler Haskins for Ice Dragons - Stopped by Jeremy Smith
Penalty Shot by Andrew Kozek for Atomiques - Goal!
Penalty Shot by Petr Vrana for Ice Dragons - Stopped by Jeremy Smith
Penalties :
No Penalty
Goalie Stats
Jeremy Smith (STB), 31 saves from 36 shots - (0.861), W, 5-6-0, 65:00 minutes
Anders Nilsson (Kin), 35 saves from 40 shots - (0.875), OTL, 17-12-2, 65:00 minutes
Players Stats for Atomiques
Player Name G A P +/- PIM S H SB GA TA FO MP PP MP PK MP
------------------------------------------------------------------------------------
Andrew Kozek 2 0 2 2 0 3 1 0 0 0 0/0 11:28 0:00 1:50
Anthony Nigro 0 0 0 -1 0 1 0 0 0 1 2/2 6:05 0:00 0:00
Bobby Farnham 0 0 0 2 0 2 0 0 0 0 0/0 9:12 0:00 0:00
Brett Sutter 0 2 2 2 2 2 4 1 0 0 0/5 10:03 0:00 0:20
Brock McGinn 0 0 0 -1 0 2 2 0 0 0 0/0 6:05 0:00 0:00
Colby Cohen 0 0 0 1 2 0 1 0 0 0 0/0 9:49 0:00 0:00
Corey Tropp 1 0 1 -1 2 3 0 0 0 0 0/1 15:47 2:27 0:00
Darren Kramer 0 0 0 0 0 0 0 0 0 0 1/1 2:31 0:24 0:02
Davis Drewiske 0 1 1 0 2 1 4 1 0 1 0/0 28:19 3:40 3:45
Dwight King 0 1 1 -1 0 3 5 1 2 0 0/0 19:56 2:27 2:13
Eric Gustafsson 0 0 0 0 0 0 0 0 0 0 0/0 3:48 0:00 0:00
Eric Mestery 0 0 0 0 0 0 0 0 0 0 0/0 3:48 0:00 0:00
Fredrik Claesson 0 0 0 0 0 0 0 0 0 0 0/0 0:51 0:00 0:27
John Draeger 0 0 0 0 0 0 0 0 0 0 0/0 0:18 0:00 0:00
Jonas Junland 0 0 0 -2 0 2 2 3 2 0 0/0 22:12 2:51 3:54
Joseph Cramarossa 0 0 0 0 0 0 0 0 0 0 0/1 2:34 0:00 1:54
Kenndal McArdle 1 0 1 0 0 3 2 3 0 0 1/4 25:18 3:45 4:37
Kyle Wharton 0 0 0 -2 0 2 1 1 0 0 0/0 22:12 2:51 3:54
Marc-André Cliche 0 1 1 -1 0 3 0 0 0 1 5/8 15:19 2:27 0:00
Mike Halmo 0 0 0 0 0 0 0 0 0 0 1/1 2:23 0:19 0:00
Mitch Callahan 0 0 0 -1 0 0 1 0 0 0 0/0 6:11 0:00 0:00
Ryan Shannon 0 1 1 1 0 5 0 0 3 0 3/6 22:12 3:59 2:13
Shayne Gostisbehere 0 0 0 1 0 0 1 0 0 0 0/0 10:06 0:00 0:37
Steve McCarthy 0 0 0 1 0 3 0 1 2 0 0/0 29:10 3:40 4:43
Tyler Brenner 1 1 2 0 4 5 2 1 0 0 20/37 24:05 3:44 4:11
Players Stats for Ice Dragons
Player Name G A P +/- PIM S H SB GA TA FO MP PP MP PK MP
------------------------------------------------------------------------------------
Andrej Nestrasil 0 0 0 -1 2 2 3 0 0 0 2/5 10:35 0:00 0:00
Brandon Kozun 1 1 2 0 0 4 0 0 0 0 1/1 10:43 0:02 0:00
Brendon Nash 0 0 0 0 0 2 0 2 0 4 0/0 27:54 4:48 3:55
Chris Wagner 0 0 0 0 0 1 0 0 0 0 0/0 7:06 0:00 0:00
Christian Djoos 0 0 0 -1 0 0 0 0 0 0 0/0 5:19 0:00 0:00
Curtis Glencross 0 0 0 0 2 5 0 2 1 1 4/9 23:24 4:22 3:20
Joe Callahan 0 0 0 0 2 0 4 2 0 2 0/0 26:07 4:48 2:30
Justin Faulk 0 3 3 1 0 6 1 0 0 0 0/0 22:14 3:52 2:36
Justin Shugg 0 0 0 0 0 0 0 0 0 0 0/4 3:57 0:00 1:33
Kevin Connauton 2 1 3 1 0 4 2 1 1 0 0/0 22:14 3:52 2:36
Logan MacMillan 0 0 0 -1 0 0 0 0 0 0 1/1 10:33 0:00 0:00
Michael Chaput 0 0 0 0 0 0 0 0 0 0 1/1 7:06 0:00 0:00
Michael Ferland 0 0 0 0 0 0 2 0 0 0 0/0 10:07 0:00 1:26
Michael Latta 0 1 1 0 0 1 2 0 0 0 19/34 20:59 4:21 2:03
Michael Stone 0 0 0 0 0 0 0 1 0 0 0/0 9:33 0:00 0:00
Petr Vrana 0 0 0 0 0 1 1 1 1 1 1/1 16:21 4:16 0:18
Ryan Reaves 0 0 0 0 0 0 3 1 0 1 0/0 15:47 4:12 0:00
Sam Carrick 0 0 0 1 0 0 0 0 0 0 0/0 1:58 0:06 0:00
Samuel Groulx 0 0 0 -1 0 0 0 0 0 0 0/0 6:33 0:00 0:46
Theodor Blueger 0 0 0 1 0 0 0 0 0 0 0/0 1:48 0:02 0:00
Tomas Kudelka 0 0 0 0 0 0 1 0 0 0 0/0 10:12 0:00 0:39
Troy Brouwer 2 0 2 0 2 6 1 0 0 0 0/1 22:42 4:22 2:32
Tyler Haskins 0 2 2 0 2 4 1 0 0 0 4/9 18:40 4:17 1:50
3 Stars
1 - Kevin Connauton (Kin)
2 - Andrew Kozek (STB)
3 - Justin Faulk (Kin)
Power Play
Atomiques - 1 on 5 Attempt(s) - 20.00%
Ice Dragons - 1 on 6 Attempt(s) - 16.67%
Penalty Kill
Atomiques - 5 on 6 Attempt(s) - 83.33%
- Score 0 goal in Penalty Kill
Ice Dragons - 4 on 5 Attempt(s) - 80.00%
- Score 0 goal in Penalty Kill
Team Stat
Atomiques - Hits : 26 - Faceoff Wins : 33 - Blocked Shots : 12 - Penalty Minutes : 12
Ice Dragons - Hits : 21 - Faceoff Wins : 33 - Blocked Shots : 10 - Penalty Minutes : 10
Official
Referees : Rooney Chris and Watson Brad
Linesman : Pierre Racicot and David Brisebois
Game Notes
No Game Note
Finance
Level 1 -- Attendance: 1554 (77.70%) -- Ticket Income $62,160
Level 2 -- Attendance: 814 (81.40%) -- Ticket Income $16,280
Total Attendance: 2368 (78.93%)
Total Ticket Income: $78,440
Other Income: $3,922
Total Income: $82,362
Atomiques
5 vs 5 Forward
Center Left Wing Right Wing Time % Phy DF OF
1 Tyler Brenner Kenndal McArdle Ryan Shannon 40 1 2 2
2 Marc-André Cliche Dwight King Corey Tropp 30 1 2 2
3 Brett Sutter Andrew Kozek Bobby Farnham 20 1 2 2
4 Anthony Nigro Brock McGinn Mitch Callahan 10 1 2 2
5 vs 5 Defense
Defense Defense Time % Phy DF OF
1 Steve McCarthy Davis Drewiske 40 1 2 2
2 Kyle Wharton Jonas Junland 30 1 2 2
3 Shayne Gostisbehere Colby Cohen 20 1 2 2
4 Eric Mestery Eric Gustafsson 10 1 2 2
PowerPlay Forward
Center Left Wing Right Wing Time % Phy DF OF
1 Tyler Brenner Kenndal McArdle Ryan Shannon 60 1 2 2
2 Marc-André Cliche Dwight King Corey Tropp 40 1 2 2
PowerPlay Defense
Defense Defense Time % Phy DF OF
1 Steve McCarthy Davis Drewiske 60 1 2 2
2 Kyle Wharton Jonas Junland 40 1 2 2
Penalty Kill 4 Players Forward
Center Wing Time % Phy DF OF
1 Tyler Brenner Kenndal McArdle 60 1 2 2
2 Ryan Shannon Dwight King 40 1 2 2
Penalty Kill 4 Players Defense
Defense Defense Time % Phy DF OF
1 Steve McCarthy Davis Drewiske 60 1 2 2
2 Kyle Wharton Jonas Junland 40 1 2 2
Penalty Kill - 3 Players Forward
Forward Time % Phy DF OF
1 Tyler Brenner 60 1 2 2
2 Kenndal McArdle 40 1 2 2
Penalty Kill - 3 Players Defense
Defense Defense Time % Phy DF OF
1 Steve McCarthy Davis Drewiske 60 1 2 2
2 Kyle Wharton Jonas Junland 40 1 2 2
4 vs 4 Forward
Center Wing Time % Phy DF OF
1 Tyler Brenner Kenndal McArdle 60 1 2 2
2 Ryan Shannon Dwight King 40 1 2 2
4 vs 4 Defense
Defense Defense Time % Phy DF OF
1 Steve McCarthy Davis Drewiske 60 1 2 2
2 Kyle Wharton Jonas Junland 40 1 2 2
Last Minutes Offensive
Center Left Wing Right Wing Defense Defense
Tyler Brenner Kenndal McArdle Ryan Shannon Steve McCarthy Davis Drewiske
Last Minutes Defensive
Center Left Wing Right Wing Defense Defense
Tyler Brenner Kenndal McArdle Ryan Shannon Steve McCarthy Davis Drewiske
Goaltenders
Starting : Jeremy Smith
Backup : Sergei Bobrovsky
Extra Forwards
Normal : Darren Kramer, Mike Halmo, Joseph Cramarossa - PP : Darren Kramer, Mike Halmo - PK : Joseph Cramarossa
Extra Defensemen
Normal : John Draeger, Fredrik Claesson, Shayne Gostisbehere - PP : John Draeger - PK : Fredrik Claesson, Shayne Gostisbehere
Penalty Shots
Tyler Brenner, Kenndal McArdle, Ryan Shannon, Dwight King, Andrew Kozek
Scratches
Max McCormick (Healthy), Andreas Engqvist (Right Eye Injury), Francois Tremblay (Healthy)
Ice Dragons
5 vs 5 Forward
Center Left Wing Right Wing Time % Phy DF OF
1 Michael Latta Curtis Glencross Troy Brouwer 40 1 2 2
2 Tyler Haskins Petr Vrana Ryan Reaves 30 1 2 2
3 Andrej Nestrasil Logan MacMillan Brandon Kozun 20 1 2 2
4 Michael Chaput Michael Ferland Chris Wagner 10 1 2 2
5 vs 5 Defense
Defense Defense Time % Phy DF OF
1 Brendon Nash Joe Callahan 40 1 2 2
2 Justin Faulk Kevin Connauton 30 1 2 2
3 Michael Stone Tomas Kudelka 20 1 2 2
4 Samuel Groulx Christian Djoos 10 1 2 2
PowerPlay Forward
Center Left Wing Right Wing Time % Phy DF OF
1 Michael Latta Curtis Glencross Troy Brouwer 60 1 2 2
2 Tyler Haskins Petr Vrana Ryan Reaves 40 1 2 2
PowerPlay Defense
Defense Defense Time % Phy DF OF
1 Brendon Nash Joe Callahan 60 1 2 2
2 Justin Faulk Kevin Connauton 40 1 2 2
Penalty Kill 4 Players Forward
Center Wing Time % Phy DF OF
1 Curtis Glencross Troy Brouwer 60 1 2 2
2 Michael Latta Tyler Haskins 40 1 2 2
Penalty Kill 4 Players Defense
Defense Defense Time % Phy DF OF
1 Brendon Nash Joe Callahan 60 1 2 2
2 Justin Faulk Kevin Connauton 40 1 2 2
Penalty Kill - 3 Players Forward
Forward Time % Phy DF OF
1 Curtis Glencross 60 1 2 2
2 Troy Brouwer 40 1 2 2
Penalty Kill - 3 Players Defense
Defense Defense Time % Phy DF OF
1 Brendon Nash Joe Callahan 60 1 2 2
2 Justin Faulk Kevin Connauton 40 1 2 2
4 vs 4 Forward
Center Wing Time % Phy DF OF
1 Curtis Glencross Troy Brouwer 60 1 2 2
2 Michael Latta Tyler Haskins 40 1 2 2
4 vs 4 Defense
Defense Defense Time % Phy DF OF
1 Brendon Nash Joe Callahan 60 1 2 2
2 Justin Faulk Kevin Connauton 40 1 2 2
Last Minutes Offensive
Center Left Wing Right Wing Defense Defense
Michael Latta Curtis Glencross Troy Brouwer Brendon Nash Joe Callahan
Last Minutes Defensive
Center Left Wing Right Wing Defense Defense
Michael Latta Curtis Glencross Troy Brouwer Brendon Nash Joe Callahan
Goaltenders
Starting : Anders Nilsson
Backup : Harru Sateri
Extra Forwards
Normal : Sam Carrick, Theodor Blueger, Justin Shugg - PP : Sam Carrick, Theodor Blueger - PK : Justin Shugg
Extra Defensemen
Normal : Michael Stone, Tomas Kudelka, Samuel Groulx - PP : Michael Stone - PK : Tomas Kudelka, Samuel Groulx
Penalty Shots
Curtis Glencross, Troy Brouwer, Michael Latta, Tyler Haskins, Petr Vrana
Scratches
Oscar Dansk (Healthy)
% Time on Ice - Atomiques
Lines # - Real PCT - Wanted PCT - Time Play
Normal Forward
1 - 35% - 40% - 15:08
2 - 30% - 30% - 12:52
3 - 21% - 20% - 9:12
4 - 14% - 10% - 6:05
Normal Defense
1 - 40% - 40% - 17:31
2 - 29% - 30% - 12:35
3 - 22% - 20% - 9:23
4 - 9% - 10% - 3:48
PP Forward
1 - 62% - 60% - 4:04
2 - 38% - 40% - 2:27
PP Defense
1 - 56% - 60% - 3:40
2 - 44% - 40% - 2:51
PK Forward
1 - 74% - 60% - 6:27
2 - 26% - 40% - 2:13
PK Defense
1 - 55% - 60% - 4:46
2 - 45% - 40% - 3:54
PK3 Forward
1 - 0% - 60%
2 - 0% - 40%
PK3 Defense
1 - 0% - 60%
2 - 0% - 40%
44 Forward
1 - 63% - 60% - 4:08
2 - 37% - 40% - 2:24
44 Defense
1 - 56% - 60% - 3:40
2 - 44% - 40% - 2:52
Last Minute Offensive - 0:00
Last Minute Defensive - 0:00
Total
Forward - 65:00
Defense - 65:00
|
% Time on Ice - Ice Dragons
Lines # - Real PCT - Wanted PCT - Time Play
Normal Forward
1 - 32% - 40% - 14:03
2 - 27% - 30% - 11:35
3 - 24% - 20% - 10:33
4 - 16% - 10% - 7:06
Normal Defense
1 - 36% - 40% - 15:45
2 - 30% - 30% - 12:49
3 - 22% - 20% - 9:24
4 - 12% - 10% - 5:19
PP Forward
1 - 51% - 60% - 4:24
2 - 49% - 40% - 4:16
PP Defense
1 - 55% - 60% - 4:48
2 - 45% - 40% - 3:52
PK Forward
1 - 72% - 60% - 4:41
2 - 28% - 40% - 1:50
PK Defense
1 - 60% - 60% - 3:55
2 - 40% - 40% - 2:36
PK3 Forward
1 - 0% - 60%
2 - 0% - 40%
PK3 Defense
1 - 0% - 60%
2 - 0% - 40%
44 Forward
1 - 80% - 60% - 5:12
2 - 20% - 40% - 1:20
44 Defense
1 - 55% - 60% - 3:35
2 - 45% - 40% - 2:57
Last Minute Offensive - 0:00
Last Minute Defensive - 0:00
Total
Forward - 65:00
Defense - 65:00
|
Play by Play
1st period
0:01 of 1st period - Michael Latta wins face-off versus Tyler Brenner in neutral zone.
0:10 of 1st period - Slapshot by Troy Brouwer.
0:10 of 1st period - Stopped by Jeremy Smith with a rebound.
0:12 of 1st period - Wrist shot by Curtis Glencross.
0:12 of 1st period - Stopped by Jeremy Smith without a rebound.
0:13 of 1st period - Tyler Haskins wins face-off versus Corey Tropp in Atomiques zone.
0:16 of 1st period - Wrist shot by Petr Vrana.
0:16 of 1st period - Stopped by Jeremy Smith with a rebound.
3:01 of 1st period - Wrist shot by Brock McGinn.
3:01 of 1st period - Stopped by Anders Nilsson with a rebound.
3:17 of 1st period - Minor Penalty to Troy Brouwer for Interference.
3:18 of 1st period - Tyler Brenner wins face-off versus Curtis Glencross in Ice Dragons zone.
4:18 of 1st period - Kyle Wharton is hit by Kevin Connauton and loses puck.
4:25 of 1st period - Wrist shot by Tyler Haskins.
4:25 of 1st period - Shot Blocked by Tyler Brenner.
5:12 of 1st period - Icing by Kyle Wharton.
5:13 of 1st period - Mike Halmo wins face-off versus Justin Shugg in Atomiques zone.
5:17 of 1st period - Penalty to Troy Brouwer is over, Troy Brouwer is back on ice.
5:36 of 1st period - Slapshot by Brendon Nash.
5:36 of 1st period - Deflect By Brandon Kozun.
5:36 of 1st period - Stopped by Jeremy Smith with a rebound.
5:46 of 1st period - Minor Penalty to Joe Callahan for Boarding.
5:47 of 1st period - Curtis Glencross wins face-off versus Ryan Shannon in Ice Dragons zone.
5:47 of 1st period - Curtis Glencross is hit by Tyler Brenner.
6:12 of 1st period - Curtis Glencross is hit by Dwight King and loses puck.
7:46 of 1st period - Penalty to Joe Callahan is over, Joe Callahan is back on ice.
9:26 of 1st period - Off-side.
9:27 of 1st period - Tyler Haskins wins face-off versus Brett Sutter in neutral zone.
9:30 of 1st period - Slapshot by Kevin Connauton.
9:30 of 1st period - Stopped by Jeremy Smith with a rebound.
9:32 of 1st period - Backhand shot by Justin Faulk.
9:32 of 1st period - Shot Blocked by Brett Sutter.
9:34 of 1st period - Slapshot by Justin Faulk.
9:34 of 1st period - Stopped by Jeremy Smith with a rebound.
9:54 of 1st period - Snap shot by Corey Tropp.
9:54 of 1st period - Deflect By Troy Brouwer.
9:54 of 1st period - Stopped by Anders Nilsson without a rebound.
9:55 of 1st period - Michael Latta wins face-off versus Ryan Shannon in Ice Dragons zone.
10:17 of 1st period - Icing by Samuel Groulx.
10:18 of 1st period - Marc-André Cliche wins face-off versus Tyler Haskins in Ice Dragons zone.
10:19 of 1st period - Wrist shot by Corey Tropp.
10:19 of 1st period - Goal by Corey Tropp - Atomiques : 1 - Ice Dragons : 0.
10:20 of 1st period - Tyler Brenner wins face-off versus Michael Latta in neutral zone.
10:25 of 1st period - Wrist shot by Kenndal McArdle.
10:25 of 1st period - Shot Misses the Net.
10:27 of 1st period - Snap shot by Tyler Brenner.
10:27 of 1st period - Shot Misses the Net.
10:29 of 1st period - Wrist shot by Tyler Brenner.
10:29 of 1st period - Stopped by Anders Nilsson without a rebound.
10:30 of 1st period - Tyler Brenner wins face-off versus Michael Latta in Ice Dragons zone.
10:31 of 1st period - Wrist shot by Kenndal McArdle.
10:31 of 1st period - Shot Misses the Net.
10:33 of 1st period - Snap shot by Davis Drewiske.
10:33 of 1st period - Stopped by Anders Nilsson with a rebound.
10:43 of 1st period - Slapshot by Kenndal McArdle.
10:43 of 1st period - Stopped by Anders Nilsson with a rebound.
10:45 of 1st period - Snap shot by Steve McCarthy.
10:45 of 1st period - Shot Blocked by Joe Callahan.
10:47 of 1st period - Backhand shot by Steve McCarthy.
10:47 of 1st period - Shot Misses the Net.
10:49 of 1st period - Slapshot by Steve McCarthy.
10:49 of 1st period - Shot Blocked by Brendon Nash.
10:51 of 1st period - Backhand shot by Ryan Shannon.
10:51 of 1st period - Shot Blocked by Brendon Nash.
10:56 of 1st period - Minor Penalty to Curtis Glencross for Interference.
10:57 of 1st period - Tyler Brenner wins face-off versus Justin Shugg in Ice Dragons zone.
10:59 of 1st period - Slapshot by Ryan Shannon.
10:59 of 1st period - Stopped by Anders Nilsson without a rebound.
11:00 of 1st period - Tyler Brenner wins face-off versus Justin Shugg in Ice Dragons zone.
11:01 of 1st period - Backhand shot by Ryan Shannon.
11:01 of 1st period - Shot Misses the Net.
11:03 of 1st period - Wrist shot by Tyler Brenner.
11:03 of 1st period - Goal by Tyler Brenner - Atomiques : 2 - Ice Dragons : 0.
11:04 of 1st period - Michael Latta wins face-off versus Tyler Brenner in neutral zone.
11:38 of 1st period - Snap shot by Corey Tropp.
11:38 of 1st period - Shot Misses the Net.
11:40 of 1st period - Snap shot by Marc-André Cliche.
11:40 of 1st period - Stopped by Anders Nilsson without a rebound.
11:41 of 1st period - Tyler Brenner wins face-off versus Andrej Nestrasil in Ice Dragons zone.
11:44 of 1st period - Snap shot by Kenndal McArdle.
11:44 of 1st period - Goal by Kenndal McArdle - Atomiques : 3 - Ice Dragons : 0.
11:45 of 1st period - Kenndal McArdle wins face-off versus Tyler Haskins in neutral zone.
11:48 of 1st period - Slapshot by Ryan Shannon.
11:48 of 1st period - Stopped by Anders Nilsson without a rebound.
11:49 of 1st period - Tyler Haskins wins face-off versus Tyler Brenner in Ice Dragons zone.
12:03 of 1st period - Snap shot by Tyler Haskins.
12:03 of 1st period - Stopped by Jeremy Smith with a rebound.
12:19 of 1st period - Snap shot by Troy Brouwer.
12:19 of 1st period - Shot Misses the Net.
12:27 of 1st period - Wrist shot by Corey Tropp.
12:27 of 1st period - Shot Blocked by Kevin Connauton.
12:39 of 1st period - Snap shot by Corey Tropp.
12:39 of 1st period - Stopped by Anders Nilsson without a rebound.
12:40 of 1st period - Andrej Nestrasil wins face-off versus Brett Sutter in Ice Dragons zone.
12:40 of 1st period - Andrej Nestrasil is hit by Andrew Kozek.
12:47 of 1st period - Minor Penalty to Brett Sutter for Holding.
12:48 of 1st period - Michael Latta wins face-off versus Tyler Brenner in Atomiques zone.
13:21 of 1st period - Snap shot by Tyler Haskins.
13:21 of 1st period - Stopped by Jeremy Smith without a rebound.
13:22 of 1st period - Ryan Shannon wins face-off versus Tyler Haskins in Atomiques zone.
14:24 of 1st period - Wrist shot by Tyler Haskins.
14:24 of 1st period - Shot Misses the Net.
14:26 of 1st period - Slapshot by Kevin Connauton.
14:26 of 1st period - Shot Blocked by Davis Drewiske.
14:32 of 1st period - Slapshot by Troy Brouwer.
14:32 of 1st period - Stopped by Jeremy Smith without a rebound.
14:33 of 1st period - Michael Latta wins face-off versus Tyler Brenner in Atomiques zone.
14:47 of 1st period - Penalty to Brett Sutter is over, Brett Sutter is back on ice.
15:44 of 1st period - Samuel Groulx is hit by Brett Sutter and loses puck.
16:19 of 1st period - Corey Tropp is hit by Andrej Nestrasil and loses puck.
16:45 of 1st period - Snap shot by Ryan Shannon.
16:45 of 1st period - Stopped by Anders Nilsson with a rebound.
16:47 of 1st period - Slapshot by Kenndal McArdle.
16:47 of 1st period - Shot Misses the Net.
17:06 of 1st period - Icing by Steve McCarthy.
17:07 of 1st period - Petr Vrana wins face-off versus Brett Sutter in Atomiques zone.
17:10 of 1st period - Snap shot by Tyler Haskins.
17:10 of 1st period - Stopped by Jeremy Smith with a rebound.
17:28 of 1st period - Slapshot by Steve McCarthy.
17:28 of 1st period - Stopped by Anders Nilsson with a rebound.
17:36 of 1st period - Backhand shot by Tyler Haskins.
17:36 of 1st period - Shot Misses the Net.
17:48 of 1st period - Snap shot by Brett Sutter.
17:48 of 1st period - Shot Misses the Net.
17:50 of 1st period - Slapshot by Brett Sutter.
17:50 of 1st period - Stopped by Anders Nilsson without a rebound.
17:51 of 1st period - Tyler Brenner wins face-off versus Michael Latta in Ice Dragons zone.
17:58 of 1st period - Snap shot by Tyler Brenner.
17:58 of 1st period - Shot Blocked by Curtis Glencross.
18:00 of 1st period - Backhand shot by Jonas Junland.
18:00 of 1st period - Deflect By Troy Brouwer.
18:00 of 1st period - Stopped by Anders Nilsson with a rebound.
18:02 of 1st period - Snap shot by Ryan Shannon.
18:02 of 1st period - Stopped by Anders Nilsson without a rebound.
18:03 of 1st period - Tyler Brenner wins face-off versus Michael Latta in Ice Dragons zone.
18:09 of 1st period - Off-side.
18:10 of 1st period - Tyler Brenner wins face-off versus Curtis Glencross in neutral zone.
18:25 of 1st period - Wrist shot by Kenndal McArdle.
18:25 of 1st period - Shot Blocked by Joe Callahan.
18:45 of 1st period - Wrist shot by Marc-André Cliche.
18:45 of 1st period - Stopped by Anders Nilsson without a rebound.
18:46 of 1st period - Tyler Brenner wins face-off versus Michael Latta in Ice Dragons zone.
18:55 of 1st period - Davis Drewiske is hit by Michael Latta and loses puck.
19:35 of 1st period - Kyle Wharton is hit by Andrej Nestrasil and loses puck.
Goals for this period are 3 for Atomiques vs 0 for Ice Dragons.
Shots for this period are 18 for Atomiques vs 10 for Ice Dragons.
2nd period
0:01 of 2nd period - Michael Latta wins face-off versus Kenndal McArdle in neutral zone.
0:08 of 2nd period - Wrist shot by Curtis Glencross.
0:08 of 2nd period - Stopped by Jeremy Smith with a rebound.
0:12 of 2nd period - Wrist shot by Curtis Glencross.
0:12 of 2nd period - Stopped by Jeremy Smith with a rebound.
0:14 of 2nd period - Wrist shot by Michael Latta.
0:14 of 2nd period - Stopped by Jeremy Smith with a rebound.
0:54 of 2nd period - Snap shot by Brandon Kozun.
0:54 of 2nd period - Stopped by Jeremy Smith with a rebound.
0:56 of 2nd period - Wrist shot by Andrej Nestrasil.
0:56 of 2nd period - Stopped by Jeremy Smith without a rebound.
0:57 of 2nd period - Tyler Brenner wins face-off versus Michael Latta in Atomiques zone.
1:23 of 2nd period - Tyler Haskins is hit by Dwight King and loses puck.
1:52 of 2nd period - Wrist shot by Andrej Nestrasil.
1:52 of 2nd period - Shot Misses the Net.
1:54 of 2nd period - Snap shot by Andrej Nestrasil.
1:54 of 2nd period - Stopped by Jeremy Smith without a rebound.
1:55 of 2nd period - Michael Latta wins face-off versus Tyler Brenner in Atomiques zone.
1:56 of 2nd period - Wrist shot by Curtis Glencross.
1:56 of 2nd period - Stopped by Jeremy Smith without a rebound.
1:57 of 2nd period - Tyler Brenner wins face-off versus Troy Brouwer in Atomiques zone.
2:36 of 2nd period - Icing by Brandon Kozun.
2:37 of 2nd period - Marc-André Cliche wins face-off versus Andrej Nestrasil in Ice Dragons zone.
2:46 of 2nd period - Snap shot by Corey Tropp.
2:46 of 2nd period - Shot Misses the Net.
2:55 of 2nd period - Slapshot by Kevin Connauton.
2:55 of 2nd period - Goal by Kevin Connauton - Atomiques : 3 - Ice Dragons : 1.
2:56 of 2nd period - Michael Latta wins face-off versus Kenndal McArdle in neutral zone.
3:08 of 2nd period - Curtis Glencross is hit by Kenndal McArdle and loses puck.
3:44 of 2nd period - Justin Faulk is hit by Brett Sutter and loses puck.
4:10 of 2nd period - Backhand shot by Justin Faulk.
4:10 of 2nd period - Stopped by Jeremy Smith with a rebound.
4:12 of 2nd period - Slapshot by Justin Faulk.
4:12 of 2nd period - Stopped by Jeremy Smith with a rebound.
4:14 of 2nd period - Wrist shot by Justin Faulk.
4:14 of 2nd period - Shot Blocked by Kenndal McArdle.
4:16 of 2nd period - Slapshot by Kevin Connauton.
4:16 of 2nd period - Stopped by Jeremy Smith without a rebound.
4:17 of 2nd period - Marc-André Cliche wins face-off versus Michael Latta in Atomiques zone.
4:17 of 2nd period - Marc-André Cliche is hit by Troy Brouwer.
4:20 of 2nd period - Minor Penalty to Corey Tropp for Tripping.
4:21 of 2nd period - Tyler Brenner wins face-off versus Michael Latta in Atomiques zone.
4:25 of 2nd period - Michael Latta is hit by Tyler Brenner and loses puck.
5:44 of 2nd period - Slapshot by Davis Drewiske.
5:44 of 2nd period - Shot Blocked by Petr Vrana.
5:46 of 2nd period - Slapshot by Andrew Kozek.
5:46 of 2nd period - Shot Blocked by Ryan Reaves.
5:48 of 2nd period - Slapshot by Davis Drewiske.
5:48 of 2nd period - Deflect By Andrew Kozek.
5:48 of 2nd period - Shot Misses the Net.
5:48 of 2nd period - Puck is out of play.
5:49 of 2nd period - Michael Latta wins face-off versus Tyler Brenner in Ice Dragons zone.
6:20 of 2nd period - Penalty to Corey Tropp is over, Corey Tropp is back on ice.
7:12 of 2nd period - Davis Drewiske is hit by Petr Vrana and loses puck.
7:48 of 2nd period - Minor Penalty to Colby Cohen for Interference.
7:49 of 2nd period - Michael Latta wins face-off versus Tyler Brenner in Atomiques zone.
7:53 of 2nd period - Snap shot by Troy Brouwer.
7:53 of 2nd period - Stopped by Jeremy Smith with a rebound.
8:03 of 2nd period - Slapshot by Brendon Nash.
8:03 of 2nd period - Shot Blocked by Kenndal McArdle.
8:27 of 2nd period - Dwight King is hit by Ryan Reaves and loses puck.
9:48 of 2nd period - Penalty to Colby Cohen is over, Colby Cohen is back on ice.
10:20 of 2nd period - Icing by Michael Chaput.
10:21 of 2nd period - Michael Chaput wins face-off versus Marc-André Cliche in Ice Dragons zone.
10:21 of 2nd period - Michael Chaput is hit by Dwight King.
11:05 of 2nd period - Wrist shot by Chris Wagner.
11:05 of 2nd period - Stopped by Jeremy Smith with a rebound.
11:07 of 2nd period - Wrist shot by Samuel Groulx.
11:07 of 2nd period - Shot Blocked by Steve McCarthy.
12:21 of 2nd period - Icing by Marc-André Cliche.
12:22 of 2nd period - Marc-André Cliche wins face-off versus Michael Latta in Atomiques zone.
12:31 of 2nd period - Slapshot by Steve McCarthy.
12:31 of 2nd period - Deflect By Marc-André Cliche.
12:31 of 2nd period - Stopped by Anders Nilsson with a rebound.
13:09 of 2nd period - Tyler Haskins is hit by Mitch Callahan and loses puck.
13:14 of 2nd period - Wrist shot by Anthony Nigro.
13:14 of 2nd period - Stopped by Anders Nilsson without a rebound.
13:15 of 2nd period - Anthony Nigro wins face-off versus Michael Latta in Ice Dragons zone.
13:24 of 2nd period - Backhand shot by Justin Faulk.
13:24 of 2nd period - Stopped by Jeremy Smith with a rebound.
13:26 of 2nd period - Wrist shot by Troy Brouwer.
13:26 of 2nd period - Goal by Troy Brouwer - Atomiques : 3 - Ice Dragons : 2.
13:27 of 2nd period - Michael Latta wins face-off versus Ryan Shannon in neutral zone.
14:15 of 2nd period - Slapshot by Brock McGinn.
14:15 of 2nd period - Stopped by Anders Nilsson with a rebound.
14:28 of 2nd period - Icing by Kyle Wharton.
14:29 of 2nd period - Michael Latta wins face-off versus Tyler Brenner in Atomiques zone.
14:40 of 2nd period - Snap shot by Kenndal McArdle.
14:40 of 2nd period - Stopped by Anders Nilsson with a rebound.
14:42 of 2nd period - Snap shot by Tyler Brenner.
14:42 of 2nd period - Shot Blocked by Curtis Glencross.
14:44 of 2nd period - Snap shot by Tyler Brenner.
14:44 of 2nd period - Stopped by Anders Nilsson with a rebound.
15:14 of 2nd period - Joe Callahan is hit by Brock McGinn and loses puck.
15:37 of 2nd period - Snap shot by Ryan Shannon.
15:37 of 2nd period - Shot Misses the Net.
15:43 of 2nd period - Shayne Gostisbehere is hit by Kevin Connauton and loses puck.
16:21 of 2nd period - Snap shot by Bobby Farnham.
16:21 of 2nd period - Stopped by Anders Nilsson without a rebound.
16:22 of 2nd period - Tyler Brenner wins face-off versus Tyler Haskins in Ice Dragons zone.
16:23 of 2nd period - Snap shot by Ryan Shannon.
16:23 of 2nd period - Deflect By Tyler Haskins.
16:23 of 2nd period - Stopped by Anders Nilsson without a rebound.
16:24 of 2nd period - Tyler Haskins wins face-off versus Tyler Brenner in Ice Dragons zone.
16:24 of 2nd period - Tyler Haskins is hit by Davis Drewiske.
16:30 of 2nd period - Slapshot by Justin Faulk.
16:30 of 2nd period - Stopped by Jeremy Smith with a rebound.
16:56 of 2nd period - Slapshot by Troy Brouwer.
16:56 of 2nd period - Shot Misses the Net.
16:58 of 2nd period - Snap shot by Curtis Glencross.
16:58 of 2nd period - Shot Misses the Net.
17:08 of 2nd period - Minor Penalty to Davis Drewiske for Holding.
17:09 of 2nd period - Michael Latta wins face-off versus Tyler Brenner in Atomiques zone.
17:12 of 2nd period - Snap shot by Curtis Glencross.
17:12 of 2nd period - Stopped by Jeremy Smith without a rebound.
17:13 of 2nd period - Tyler Brenner wins face-off versus Michael Latta in Atomiques zone.
17:26 of 2nd period - Snap shot by Troy Brouwer.
17:26 of 2nd period - Shot Blocked by Jonas Junland.
17:28 of 2nd period - Slapshot by Brendon Nash.
17:28 of 2nd period - Deflect By Kenndal McArdle.
17:28 of 2nd period - Stopped by Jeremy Smith with a rebound.
17:42 of 2nd period - Snap shot by Petr Vrana.
17:42 of 2nd period - Shot Blocked by Kenndal McArdle.
17:44 of 2nd period - Snap shot by Joe Callahan.
17:44 of 2nd period - Shot Blocked by Jonas Junland.
17:46 of 2nd period - Wrist shot by Petr Vrana.
17:46 of 2nd period - Shot Blocked by Jonas Junland.
18:18 of 2nd period - Kenndal McArdle is hit by Ryan Reaves and loses puck.
19:08 of 2nd period - Penalty to Davis Drewiske is over, Davis Drewiske is back on ice.
19:15 of 2nd period - Snap shot by Brandon Kozun.
19:15 of 2nd period - Goal by Brandon Kozun - Atomiques : 3 - Ice Dragons : 3.
19:16 of 2nd period - Logan MacMillan wins face-off versus Marc-André Cliche in neutral zone.
19:52 of 2nd period - Snap shot by Dwight King.
19:52 of 2nd period - Stopped by Anders Nilsson with a rebound.
19:54 of 2nd period - Slapshot by Jonas Junland.
19:54 of 2nd period - Deflect By Dwight King.
19:54 of 2nd period - Stopped by Anders Nilsson without a rebound.
19:55 of 2nd period - Michael Latta wins face-off versus Tyler Brenner in Ice Dragons zone.
Goals for this period are 0 for Atomiques vs 3 for Ice Dragons.
Shots for this period are 9 for Atomiques vs 19 for Ice Dragons.
3rd period
0:01 of 3rd period - Michael Latta wins face-off versus Tyler Brenner in neutral zone.
0:13 of 3rd period - Minor Penalty to Tyler Brenner for Holding.
0:14 of 3rd period - Michael Latta wins face-off versus Joseph Cramarossa in Atomiques zone.
0:30 of 3rd period - Snap shot by Troy Brouwer.
0:30 of 3rd period - Goal by Troy Brouwer - Atomiques : 3 - Ice Dragons : 4.
0:31 of 3rd period - Tyler Brenner wins face-off versus Michael Latta in neutral zone.
0:34 of 3rd period - Michael Latta is hit by Kenndal McArdle and loses puck.
0:47 of 3rd period - Wrist shot by Curtis Glencross.
0:47 of 3rd period - Shot Misses the Net.
1:01 of 3rd period - Slapshot by Justin Faulk.
1:01 of 3rd period - Stopped by Jeremy Smith with a rebound.
1:03 of 3rd period - Slapshot by Kevin Connauton.
1:03 of 3rd period - Goal by Kevin Connauton - Atomiques : 3 - Ice Dragons : 5.
1:04 of 3rd period - Tyler Brenner wins face-off versus Michael Latta in neutral zone.
1:50 of 3rd period - Slapshot by Steve McCarthy.
1:50 of 3rd period - Shot Misses the Net.
3:06 of 3rd period - Minor Penalty to Andrej Nestrasil for Hooking.
3:07 of 3rd period - Curtis Glencross wins face-off versus Tyler Brenner in Ice Dragons zone.
3:16 of 3rd period - Off-side.
3:17 of 3rd period - Ryan Shannon wins face-off versus Curtis Glencross in neutral zone.
4:44 of 3rd period - Marc-André Cliche is hit by Joe Callahan and loses puck.
4:59 of 3rd period - Kyle Wharton is hit by Michael Ferland and loses puck.
5:06 of 3rd period - Penalty to Andrej Nestrasil is over, Andrej Nestrasil is back on ice.
5:14 of 3rd period - Snap shot by Andrej Nestrasil.
5:14 of 3rd period - Shot Blocked by Kyle Wharton.
5:26 of 3rd period - Andrej Nestrasil is hit by Brett Sutter and loses puck.
5:40 of 3rd period - Off-side.
5:41 of 3rd period - Anthony Nigro wins face-off versus Tyler Haskins in neutral zone.
5:56 of 3rd period - Ryan Reaves is hit by Brock McGinn and loses puck.
6:03 of 3rd period - Christian Djoos is hit by Colby Cohen and loses puck.
6:17 of 3rd period - Minor Penalty to Tyler Haskins for High sticking.
6:18 of 3rd period - Curtis Glencross wins face-off versus Tyler Brenner in Ice Dragons zone.
6:44 of 3rd period - Minor Penalty to Tyler Brenner for High sticking.
6:45 of 3rd period - Darren Kramer wins face-off versus Curtis Glencross in Atomiques zone.
6:52 of 3rd period - Steve McCarthy is hit by Joe Callahan and loses puck.
8:07 of 3rd period - Justin Faulk is hit by Davis Drewiske and loses puck.
8:17 of 3rd period - Penalty to Tyler Haskins is over, Tyler Haskins is back on ice.
8:28 of 3rd period - Andrew Kozek is hit by Justin Faulk.
8:44 of 3rd period - Penalty to Tyler Brenner is over, Tyler Brenner is back on ice.
9:02 of 3rd period - Wrist shot by Corey Tropp.
9:02 of 3rd period - Shot Misses the Net.
9:40 of 3rd period - Kenndal McArdle is hit by Tyler Haskins and loses puck.
10:01 of 3rd period - Marc-André Cliche is hit by Andrej Nestrasil and loses puck.
10:12 of 3rd period - Snap shot by Andrew Kozek.
10:12 of 3rd period - Stopped by Anders Nilsson with a rebound.
10:14 of 3rd period - Snap shot by Andrew Kozek.
10:14 of 3rd period - Goal by Andrew Kozek - Atomiques : 4 - Ice Dragons : 5.
10:15 of 3rd period - Michael Latta wins face-off versus Kenndal McArdle in neutral zone.
10:41 of 3rd period - Petr Vrana is hit by Dwight King and loses puck.
10:48 of 3rd period - Steve McCarthy is hit by Ryan Reaves and loses puck.
11:05 of 3rd period - Backhand shot by Brett Sutter.
11:05 of 3rd period - Shot Misses the Net.
11:07 of 3rd period - Slapshot by Davis Drewiske.
11:07 of 3rd period - Deflect By Andrew Kozek.
11:07 of 3rd period - Goal by Andrew Kozek - Atomiques : 5 - Ice Dragons : 5.
11:08 of 3rd period - Tyler Brenner wins face-off versus Michael Latta in neutral zone.
11:21 of 3rd period - Slapshot by Kenndal McArdle.
11:21 of 3rd period - Shot Misses the Net.
11:23 of 3rd period - Snap shot by Tyler Brenner.
11:23 of 3rd period - Stopped by Anders Nilsson with a rebound.
11:33 of 3rd period - Marc-André Cliche is hit by Joe Callahan and loses puck.
12:43 of 3rd period - Slapshot by Chris Wagner.
12:43 of 3rd period - Shot Hit the Post.
13:10 of 3rd period - Snap shot by Mitch Callahan.
13:10 of 3rd period - Deflect By Brock McGinn.
13:10 of 3rd period - Shot Blocked by Michael Stone.
13:10 of 3rd period - Puck is out of play.
13:11 of 3rd period - Marc-André Cliche wins face-off versus Michael Latta in Ice Dragons zone.
13:22 of 3rd period - Wrist shot by Dwight King.
13:22 of 3rd period - Shot Hit the Post.
13:36 of 3rd period - Joe Callahan is hit by Brett Sutter and loses puck.
13:41 of 3rd period - Slapshot by Brett Sutter.
13:41 of 3rd period - Stopped by Anders Nilsson with a rebound.
14:25 of 3rd period - Justin Faulk is hit by Shayne Gostisbehere and loses puck.
14:50 of 3rd period - Dwight King is hit by Tomas Kudelka.
15:24 of 3rd period - Michael Chaput is hit by Davis Drewiske and loses puck.
15:37 of 3rd period - Slapshot by Brendon Nash.
15:37 of 3rd period - Stopped by Jeremy Smith with a rebound.
15:51 of 3rd period - Slapshot by Tyler Brenner.
15:51 of 3rd period - Stopped by Anders Nilsson without a rebound.
15:52 of 3rd period - Brandon Kozun wins face-off versus Tyler Brenner in Ice Dragons zone.
16:16 of 3rd period - Off-side.
16:17 of 3rd period - Michael Latta wins face-off versus Marc-André Cliche in neutral zone.
16:25 of 3rd period - Wrist shot by Troy Brouwer.
16:25 of 3rd period - Stopped by Jeremy Smith without a rebound.
16:26 of 3rd period - Andrej Nestrasil wins face-off versus Brett Sutter in Atomiques zone.
16:39 of 3rd period - Slapshot by Brandon Kozun.
16:39 of 3rd period - Stopped by Jeremy Smith without a rebound.
16:40 of 3rd period - Michael Latta wins face-off versus Brett Sutter in Atomiques zone.
16:49 of 3rd period - Snap shot by Brett Sutter.
16:49 of 3rd period - Shot Misses the Net.
16:51 of 3rd period - Slapshot by Steve McCarthy.
16:51 of 3rd period - Deflect By Troy Brouwer.
16:51 of 3rd period - Stopped by Anders Nilsson with a rebound.
16:53 of 3rd period - Snap shot by Bobby Farnham.
16:53 of 3rd period - Stopped by Anders Nilsson with a rebound.
16:55 of 3rd period - Backhand shot by Steve McCarthy.
16:55 of 3rd period - Stopped by Anders Nilsson without a rebound.
16:56 of 3rd period - Tyler Brenner wins face-off versus Andrej Nestrasil in Ice Dragons zone.
Goals for this period are 2 for Atomiques vs 2 for Ice Dragons.
Shots for this period are 9 for Atomiques vs 6 for Ice Dragons.
Overtime #1
0:01 of 1st overtime period - Curtis Glencross wins face-off versus Tyler Brenner in neutral zone.
1:11 of 1st overtime period - Slapshot by Kyle Wharton.
1:11 of 1st overtime period - Stopped by Anders Nilsson with a rebound.
1:13 of 1st overtime period - Slapshot by Kyle Wharton.
1:13 of 1st overtime period - Stopped by Anders Nilsson with a rebound.
1:15 of 1st overtime period - Slapshot by Jonas Junland.
1:15 of 1st overtime period - Stopped by Anders Nilsson with a rebound.
1:43 of 1st overtime period - Joe Callahan is hit by Jonas Junland and loses puck.
2:02 of 1st overtime period - Davis Drewiske is hit by Michael Latta and loses puck.
2:07 of 1st overtime period - Slapshot by Tyler Haskins.
2:07 of 1st overtime period - Stopped by Jeremy Smith without a rebound.
2:08 of 1st overtime period - Tyler Brenner wins face-off versus Curtis Glencross in Atomiques zone.
2:25 of 1st overtime period - Joe Callahan is hit by Dwight King and loses puck.
3:44 of 1st overtime period - Snap shot by Brendon Nash.
3:44 of 1st overtime period - Deflect By Justin Shugg.
3:44 of 1st overtime period - Shot Blocked by Dwight King.
3:44 of 1st overtime period - Puck is out of play.
3:45 of 1st overtime period - Ryan Shannon wins face-off versus Justin Shugg in Atomiques zone.
4:13 of 1st overtime period - Michael Ferland is hit by Kyle Wharton and loses puck.
4:20 of 1st overtime period - Kyle Wharton is hit by Michael Ferland.
4:24 of 1st overtime period - Michael Ferland is hit by Davis Drewiske and loses puck.
4:33 of 1st overtime period - Wrist shot by Dwight King.
4:33 of 1st overtime period - Stopped by Anders Nilsson with a rebound.
4:50 of 1st overtime period - Brendon Nash is hit by Jonas Junland and loses puck.
4:57 of 1st overtime period - Jonas Junland is hit by Joe Callahan and loses puck.
Goals for this period are 0 for Atomiques vs 0 for Ice Dragons.
Shots for this period are 4 for Atomiques vs 1 for Ice Dragons.
ShootOut
5:00 of 1st overtime period - Penalty Shot by Tyler Brenner for Atomiques.
5:00 of 1st overtime period - Wrist shot by Tyler Brenner.
5:00 of 1st overtime period - Stopped by Anders Nilsson.
5:00 of 1st overtime period - Penalty Shot by Curtis Glencross for Ice Dragons.
5:00 of 1st overtime period - Deke by Curtis Glencross.
5:00 of 1st overtime period - Goal by Curtis Glencross.
5:00 of 1st overtime period - Penalty Shot by Kenndal McArdle for Atomiques.
5:00 of 1st overtime period - Snap shot by Kenndal McArdle.
5:00 of 1st overtime period - Stopped by Anders Nilsson.
5:00 of 1st overtime period - Penalty Shot by Troy Brouwer for Ice Dragons.
5:00 of 1st overtime period - Deke by Troy Brouwer.
5:00 of 1st overtime period - Stopped by Jeremy Smith.
5:00 of 1st overtime period - Penalty Shot by Ryan Shannon for Atomiques.
5:00 of 1st overtime period - Snap shot by Ryan Shannon.
5:00 of 1st overtime period - Goal by Ryan Shannon.
5:00 of 1st overtime period - Penalty Shot by Michael Latta for Ice Dragons.
5:00 of 1st overtime period - Deke by Michael Latta.
5:00 of 1st overtime period - Stopped by Jeremy Smith.
5:00 of 1st overtime period - Penalty Shot by Dwight King for Atomiques.
5:00 of 1st overtime period - Deke by Dwight King.
5:00 of 1st overtime period - Shot Misses the Net.
5:00 of 1st overtime period - Penalty Shot by Tyler Haskins for Ice Dragons.
5:00 of 1st overtime period - Deke by Tyler Haskins.
5:00 of 1st overtime period - Stopped by Jeremy Smith.
5:00 of 1st overtime period - Penalty Shot by Andrew Kozek for Atomiques.
5:00 of 1st overtime period - Deke by Andrew Kozek.
5:00 of 1st overtime period - Goal by Andrew Kozek.
5:00 of 1st overtime period - Penalty Shot by Petr Vrana for Ice Dragons.
5:00 of 1st overtime period - Snap shot by Petr Vrana.
5:00 of 1st overtime period - Stopped by Jeremy Smith.
Back to the Top